 Dungeon Crawl Stone Soup version 0.32-a0-818-gb728d0252e (webtiles) character file.

Game seed: 4887699036300402833

5620 tilp the Jinx (level 10, -3/75 HPs)
             Began as a Vampire Enchanter on Mar 23, 2024.
             Was a Follower of Wu Jian.
             Slain by a boulder beetle (17 damage)
             ... on level 8 of the Dungeon.
             The game lasted 00:14:12 (7599 turns).

tilp the Jinx (Vampire Enchanter)                   Turns: 7599, Time: 00:14:12

Health: -3/75      AC: 12    Str:  7    XL:     10   Next: 45%
Magic:  10/16      EV: 12    Int: 25    God:    Wu Jian [*.....]
Gold:   257        SH:  5    Dex: 15    Spells: 6/17 levels left

rFire   . . .        a - +1 dagger
rCold   . . .        w - +0 buckler
rNeg    . . .        q - +0 robe
rPois   .            y - +2 helmet {Int+3}
rElec   .            i - +1 cloak
rCorr   .            D - +2 pair of gloves
SInv    +            m - +1 pair of boots
Will    +....        g - amulet of the acrobat
Stlth   ++++         (no ring)
HPRegen 0.52/turn    (no ring)
MPRegen 0.15/turn

%: acrobat
@: healing quickly
A: alive, fangs 3, see invisible, vampiric 2
a: Exsanguinate, Renounce Religion


You were on level 8 of the Dungeon.
You worshipped Wu Jian.
Wu Jian was aware of your devotion.
You visited 2 branches of the dungeon, and saw 9 of its levels.

You collected 463 gold pieces.
You spent 206 gold pieces at shops.

Inventory:

Hand Weapons
 a - a +1 dagger (weapon)
 b - a +2 rapier of protection
 u - a +0 dagger of venom
 A - a +1 dagger of speed
Missiles
 d - 56 stones (quivered)
 z - 8 poisoned darts
 B - 6 boomerangs
 F - 2 atropa-tipped darts
Armour
 i - a +1 cloak (worn)
 m - a +1 pair of boots (worn)
 q - a +0 robe (worn)
 t - a +0 kite shield
 w - a +0 buckler (worn)
 y - a +2 helmet of intelligence (worn)
 D - a +2 pair of gloves (worn)
Jewellery
 g - an amulet of the acrobat (around neck)
 C - an amulet of faith
Wands
 s - a wand of mindburst (5)
 H - a wand of flame (30)
Scrolls
 e - 7 scrolls of teleportation
 x - a scroll of immolation
 G - a scroll of identify
Potions
 c - a potion of invisibility
 f - 2 potions of magic
 h - 5 potions of attraction
 j - a potion of berserk rage {unknown}
 k - a potion of brilliance {unknown}
 l - 4 potions of lignification
 n - 4 potions of might
 o - 2 potions of curing
 p - a potion of enlightenment {unknown}
 r - 4 potions of mutation
 v - 2 potions of ambrosia
 E - a potion of resistance {unknown}


   Skills:
 * Level 5.6 Fighting
 - Level 2.8(5.2) Short Blades
 * Level 6.1(6.4) Long Blades
 + Level 3.7 Armour
 + Level 5.3 Dodging
 + Level 8.4 Stealth
 + Level 3.8 Shields
 + Level 4.4 Spellcasting
 * Level 10.0 Hexes
 + Level 3.6 Evocations


You had 6 spell levels left.
You knew the following spells:

 Your Spells              Type           Power      Damage    Failure   Level
a - Ensorcelled Hibernat  Hex/Ice        60%        N/A       2%          2
b - Confusing Touch       Hex            53%        N/A       1%          3
c - Tukima's Dance        Hex            53%        N/A       1%          3
d - Dazzling Flash        Conj/Hex       60%        N/A       5%          3

Your spell library contained the following spells:

 Spells                   Type           Power      Damage    Failure   Level
 Cause Fear               Hex            26%        N/A       2%          4
 Anguish                  Hex/Necr       15%        N/A       17%         4
 Dimensional Bullseye     Hex/Tloc       15%        N/A       17%         4
 Iskenderun's Mystic Bla  Conj/Tloc      5%         2d3       80%         4
 Enfeeble                 Hex            26%        N/A       88%         7


Dungeon Overview and Level Annotations

Branches:
Dungeon (8/15)             Temple (1/1) D:4
   Lair: D:8-11

Altars:
Ashenzari
Cheibriados
Dithmenos
Fedhas
Hepliaklqana
Kikubaaqudgha
Makhleb
Nemelex Xobeh
Okawaru
Qazlal
Ru
Sif Muna
Uskayaw
Vehumet
Wu Jian
Xom
Yredelemnul

Shops:
D:2 [***:

Annotations:
D:3 Grinder
D:6 dig vault
D:8 1 runed translucent door


Innate Abilities, Weirdness & Mutations

Your natural rate of healing is accelerated.
You have razor-sharp teeth.
You have supernaturally acute eyesight. (SInv)
You are afflicted with vampirism and can become a bat while bloodless.


Message History

Press: ? - help, Shift-Dir - straight line, f/p - cyclops
Aim: a cyclops, quivering large rocks (chance to affect: 42%)
The cyclops looks drowsy...
Unknown command.
A boulder beetle comes into view.
The cyclops shouts!
You hear an angry hiss.
Casting: Ensorcelled Hibernation (safe; 2% risk of failure)
Confirm with . or Enter, or press ? or * to list all spells.
Your hands begin to glow red.
The boulder beetle curls into a ball and begins rolling!
The cyclops hits you!
You hit the cyclops but do no damage.
The cyclops appears confused.
A wyvern comes into view.
The cyclops hits you!
You hit the cyclops but do no damage. You bite the cyclops, but do no damage.
You hit the cyclops. You bite the cyclops, but do no damage.
The cyclops is lightly wounded.
The cyclops hits the wyvern!!
You catch the helpless cyclops completely off-guard!
You impale the cyclops!!
The cyclops is heavily wounded.
The boulder beetle hits you!!
* * * LOW HITPOINT WARNING * * *
The boulder beetle stops rolling and uncurls.
Unknown command.
You hit the cyclops but do no damage.
The cyclops is heavily wounded.
The wyvern bites you but does no damage.
The wyvern barely misses you.
Unknown command.
You spin and attack the boulder beetle.
You hit the boulder beetle but do no damage.
You bite the boulder beetle, but do no damage.
The boulder beetle bites you!
* * * LOW HITPOINT WARNING * * *
Unknown command.
You spin and attack the boulder beetle.
You hit the boulder beetle but do no damage.
The boulder beetle bites you!
You die...

###..# ..### ####.##
##....# ......#.#
#)#.....# ....#)##.
.##(....# ....#..#.#
#.#....#.# ###.##.##.
.##.#..#.#
#...[.#.#.#..#.##.###
###...##.##...>...$.#
###..#.#...B@<..#.#.
##.#.#C#.k........#
#..#............##
##.#...##########
#....## ##...# #####


You could see a boulder beetle, a cyclops (confused) and a wyvern.

Vanquished Creatures
  A two-headed ogre (D:8)
  A cyclops (D:8)
  A manticore (D:8)
  A komodo dragon (D:7)
  A troll (D:8)
  Sigmund (D:3)
  Eustachio (D:4)
  5 yaks (D:6)
  A steam dragon (D:6)
  Menkaure (D:6)
  3 water moccasins
  An ice beast (D:8)
  A black bear (D:6)
  3 ogres
  2 centaurs (D:8)
  A phantom (D:6)
  5 bullfrogs
  2 gnoll sergeants (D:7)
  2 scorpions
  3 killer bees (D:7)
  2 howler monkeys
  2 bombardier beetles
  3 hounds
  2 jellies
  3 iguanas
  Natasha (thrice) (D:3)
  2 orc wizards
  2 sleepcaps
  7 adders
  10 gnolls
  A shadow imp (D:7)
  3 white imps
  A ribbon worm (D:3)
  2 dart slugs
  8 orcs
  4 bats
  5 endoplasms
  4 giant cockroaches
  12 goblins
  5 hobgoblins
  6 jackals
  3 quokkas
  6 ball pythons
  7 frilled lizards
  5 kobolds
  3 rats
148 creatures vanquished.

Vanquished Creatures (collateral kills)
  An orc warrior (D:7)
  A wight (D:8)
  A gnoll (D:7)
  2 orcs (D:7)
5 creatures vanquished.

Grand Total: 153 creatures vanquished

Notes
Turn   | Place    | Note
-------+----------+-------------------------------------------
     0 | D:1      | tilp the Vampire Enchanter began the quest for the Orb.
     0 | D:1      | Reached XP level 1. HP: 13/13 MP: 3/3
   315 | D:1      | Reached XP level 2. HP: 20/20 MP: 5/5
   318 | D:1      | Learned a level 2 spell: Ensorcelled Hibernation
   654 | D:1      | Reached skill level 1 in Long Blades
   943 | D:2      | Found Osoamit's General Store.
   957 | D:2      | Gained mutation: You are afflicted with vampirism and can
                  | become a bat while bloodless. [Vampire growth]
   957 | D:2      | Reached XP level 3. HP: 25/25 MP: 6/6
   965 | D:2      | Learned a level 3 spell: Confusing Touch
  1005 | D:2      | Bought a scroll of teleportation for 39 gold pieces
  1019 | D:2      | Found Guocil's Armour Shoppe.
  1168 | D:2      | Found Piwiad's General Store.
  1330 | D:2      | Reached skill level 1 in Fighting
  1368 | D:2      | Reached XP level 4. HP: 11/32 MP: 2/7
  1377 | D:2      | Reached skill level 5 in Hexes
  1574 | D:2      | Found Daasoaqo's Assorted Antiques.
  1582 | D:2      | Bought a scroll labelled REDORA ZINEDD for 18 gold pieces
  1692 | D:2      | Found Kuvouv's Book Shoppe.
  1902 | D:3      | Noticed Grinder
  1913 | D:3      | Noticed Natasha
  1918 | D:3      | Killed Natasha
  1922 | D:3      | Noticed Sigmund
  2139 | D:3      | Reached XP level 5. HP: 37/37 MP: 8/8
  2153 | D:3      | Learned a level 3 spell: Tukima's Dance
  2224 | D:3      | Killed Sigmund
  2225 | D:3      | Reached skill level 1 in Armour
  2225 | D:3      | Reached skill level 5 in Stealth
  2225 | D:3      | Reached skill level 1 in Shields
  2225 | D:3      | Reached skill level 1 in Evocations
  2225 | D:3      | Reached XP level 6. HP: 7/44 MP: 1/9
  2375 | D:3      | Noticed Natasha
  2400 | D:3      | Killed Natasha
  2549 | D:4      | Found a staircase to the Ecumenical Temple.
  2585 | Temple   | Entered the Ecumenical Temple
  2960 | D:4      | Reached skill level 6 in Hexes
  3167 | D:4      | Reached XP level 7. HP: 51/51 MP: 6/11
  3252 | D:4      | Learned a level 3 spell: Dazzling Flash
  3262 | D:5      | Entered Level 5 of the Dungeon
  3469 | D:5      | Found an ornate altar of the Wu Jian Council.
  3472 | D:5      | Noticed Eustachio
  3518 | D:4      | Killed Eustachio
  3520 | D:4      | Reached XP level 8. HP: 25/58 MP: 1/12
  3620 | D:5      | Became a worshipper of the Wu Jian Council
  3679 | D:5      | Reached skill level 7 in Hexes
  4115 | D:3      | Noticed Natasha
  4123 | D:3      | Killed Natasha
  4137 | D:2      | Bought a +0 helmet of intelligence for 149 gold pieces
  4740 | D:6      | Reached skill level 8 in Hexes
  4740 | D:6      | Reached XP level 9. HP: 50/65 MP: 1/14
  4877 | D:6      | Noticed Menkaure
  4891 | D:6      | Killed Menkaure
  5909 | D:7      | Reached * piety under Wu Jian
  5910 | D:7      | Reached skill level 5 in Long Blades
  6002 | D:7      | Noticed a komodo dragon
  6012 | D:7      | Killed a komodo dragon
  6168 | D:7      | Reached skill level 9 in Hexes
  6453 | D:7      | Reached skill level 5 in Fighting
  6695 | D:8      | Noticed a two-headed ogre
  6911 | D:8      | Found a runed translucent door.
  7004 | D:8      | Reached XP level 10. HP: 74/74 MP: 12/16
  7081 | D:8      | Reached skill level 5 in Dodging
  7111 | D:8      | Noticed a deep elf pyromancer
  7140 | D:8      | Noticed a two-headed ogre
  7147 | D:8      | Killed a two-headed ogre
  7295 | D:8      | Noticed a manticore
  7304 | D:8      | Killed a manticore
  7378 | D:8      | Found a snail-covered altar of Cheibriados.
  7387 | D:8      | Found an ancient bone altar of Kikubaaqudgha.
  7444 | D:8      | Noticed a cyclops
  7458 | D:8      | Killed a cyclops
  7459 | D:8      | Reached skill level 10 in Hexes
  7584 | D:8      | Noticed a cyclops
  7589 | D:8      | Noticed a boulder beetle
  7599 | D:8      | Slain by a boulder beetle

Illustrated notes

Levels and vault maps discovered:
D:1:      giann_wishing_wells, layout_rooms, st_stairs_13, nicolae_hexahallways,
          minmay_quantized
D:2:      layout_loops_ring, serial_shops, shop, nicolae_diamond_shop,
          nicolae_shop_competitors_out_of_business, shop,
          nicolae_shop_behind_doors
D:3:      layout_rooms, uniq_natasha, uniq_sigmund, uniq_grinder
D:4:      layout_loops_cross, minmay_temple_entry_statues
D:5:      layout_basic, tso_metal_star, mainiacjoe_overflow_tiny_flanked,
          uniq_eustachio
D:6:      layout_basic, zin_scriptorium, uniq_menkaure
D:7:      layout_basic, mainiacjoe_overflow_paths, serial_curves,
          eino_curves_04, eino_curves_03
D:8:      minmay_the_grid_four_pointed_star
          [minmay_the_grid_triangle_9x9_intruding_spiral,
          minmay_the_grid_triangle_9x9_subtriangle,
          minmay_the_grid_triangle_9x9_fully_insulated_deathbox,
          minmay_the_grid_triangle_9x9_sparse_checkered,
          minmay_the_grid_prize_big_room], layout_basic, grunt_gozag_statues,
          jmf_multi_god_temple2
Temple:   nicolae_temple_two_arcs

Skill      XL: |  1  2  3  4  5  6  7  8  9 10 |
---------------+-------------------------------+-----
Long Blades    | 1 2 3 4 5 6 |  6.1
Fighting       | 1 2 3 4 5 |  5.6
Hexes          | 5 6 8 9 10 | 10.0
Armour         | 1 2 3 |  3.7
Stealth        | 5 6 7 8 |  8.4
Shields        | 1 2 3 |  3.8
Evocations     | 1 2 3 |  3.6
Short Blades   | 2 |  2.8
Dodging        | 3 4 5 |  5.3
Spellcasting   | 3 4 |  4.4

Action                     |  1- 3 |  4- 6 |  7- 9 | 10-12 || total
---------------------------+-------+-------+-------+-------++-------
  Melee: Dagger            |    96 |    92 |   177 |    29 ||   394
         Bite              |     3 |     6 |    21 |     4 ||    34
         Rapier            |       |       |     7 |       ||     7
   Cast: Ensorcelled Hiber |    14 |    17 |    71 |    14 ||   116
         Tukima's Dance    |       |     4 |     5 |       ||     9
         Dazzling Flash    |       |       |     1 |       ||     1
         Confusing Touch   |       |       |    10 |     4 ||    14
Ability: Lunge             |       |       |    27 |     1 ||    28
         Whirlwind         |       |       |     3 |     2 ||     5
  Evoke: Wand              |       |       |     7 |       ||     7
    Use: Scroll            |     4 |       |    17 |       ||    21
         Potion            |     1 |     1 |       |       ||     2
   Stab: Sleeping          |    16 |    16 |    48 |     7 ||    87
         Invisible         |     1 |       |       |       ||     1
         Distracted        |       |     1 |       |       ||     1
         Confused          |       |       |     9 |     4 ||    13
 Armour: Robe              |    73 |    52 |   107 |    22 ||   254
  Dodge: Dodged            |    83 |    50 |   131 |    11 ||   275
  Block: Buckler           |       |       |    14 |     4 ||    18

Table legend: (Time is in decaauts)
 A = Elapsed time spent in this place.
 B = Non-inter-level travel time spent in this place.
 C = Inter-level travel time spent in this place.
 D = Time resting spent in this place.
 E = Time spent auto-exploring this place.
 F = Levels seen in this place.
 G = Mean time per level.
                   A        B        C        D        E       F      G
               +--------+--------+--------+--------+--------+-----+--------+
         Total |   7563 |   7093 |    470 |    676 |   4811 |   9 |  840.3 |
       Dungeon |   7561 |   7091 |    470 |    676 |   4811 |   8 |  945.1 |
        Temple |      1 |      1 |      0 |      0 |      0 |   1 |    1.0 |
               +--------+--------+--------+--------+--------+-----+--------+

Top non-repeatable levels by time:
     D:7: 1476 daAuts
     D:6: 1040 daAuts
     D:4: 996 daAuts
     D:1: 978 daAuts
     D:2: 892 daAuts
     D:8: 761 daAuts
     D:5: 713 daAuts
     D:3: 702 daAuts
  Temple: 1 daAuts
